 Dungeon Crawl Stone Soup version 0.19.1-1-g22dce08 (webtiles) character file.

5446 RedPan the Basher (level 10, -2/74 HPs)
             Began as a Demonspawn Berserker on Dec 28, 2016.
             Was an Elder of Trog.
             Slain by a troll (15 damage)
             ... on level 9 of the Dungeon.
             The game lasted 00:20:30 (10836 turns).

RedPan the Basher (Demonspawn Berserker)           Turns: 10836, Time: 00:20:30

Health: -2/74      AC:  7    Str: 20    XL:     10   Next: 41%
Magic:  10/10      EV: 17    Int: 11    God:    Trog [****..]
Gold:   509        SH:  0    Dex: 13    Spells: 0 memorised, 9 levels left

rFire  . . .     SeeInvis .     a - +1 mace
rCold  . . .     Gourm    .     j - +1 robe
rNeg   . . .     Faith    .     (no shield)
rPois  .         Spirit   .     (helmet restricted)
rElec  .         Reflect  .     e - +0 cloak
rCorr  +         Harm     .     l - +2 pair of gloves
MR     ++...                    (no boots)
Stlth  +.........               (no amulet)
                                t - +2 ring of intelligence
                                k - ring of resist corrosion

@: confused, regenerating
A: horns 1, powered by death 1, spiny 2
a: Berserk, Trog's Hand, Brothers in Arms, Burn Spellbooks, Renounce Religion


You were on level 9 of the Dungeon.
You worshipped Trog.
Trog was greatly pleased with you.
You were not hungry.

You visited 2 branches of the dungeon, and saw 12 of its levels.
You also visited: Ossuary.

You collected 591 gold pieces.
You spent 82 gold pieces at shops.

Inventory:

Hand Weapons
 a - a +1 mace (weapon)
Armour
 e - a +0 cloak (worn)
 j - a +1 robe (worn)
 l - a +2 pair of gloves (worn)
 A - a +0 helmet
Jewellery
 k - a ring of resist corrosion (left hand)
 o - an uncursed ring of wizardry
 t - a +2 ring of intelligence (right hand)
 F - a cursed -3 ring of dexterity {unknown}
Wands
 f - a wand of polymorph (24/24)
 h - a wand of polymorph (12/24)
 m - a wand of heal wounds (4/9)
 u - a wand of lightning (7/15)
 y - a wand of paralysis (1/24)
Scrolls
 n - 4 scrolls of remove curse
 v - a scroll of blinking
 z - 2 scrolls of enchant weapon
 B - a scroll of magic mapping
 C - a scroll of teleportation {unknown}
 D - a scroll of enchant armour
Potions
 b - 3 potions of lignification
 d - a potion of ambrosia
 i - 6 potions of flight
 p - 2 potions of curing
 r - 2 potions of berserk rage
 s - a potion of cancellation
 w - 2 potions of agility
 x - 2 potions of might
Comestibles
 c - 11 bread rations
 q - 2 beef jerkies
 E - 7 slices of pizza


   Skills:
 - Level 5.2 Fighting
 + Level 11.0 Maces & Flails
 - Level 1.7 Armour
 + Level 8.8 Dodging


You had 9 spell levels left.
You didn't know any spells.

Dungeon Overview and Level Annotations

Branches:
Dungeon (11/15)            Temple (1/1) D:5            Lair (0/6) D:8
    Orc: D:9-12

Altars:
Ashenzari
Cheibriados
Dithmenos
Elyvilon
Fedhas
Gozag
Hepliaklqana
Kikubaaqudgha
Makhleb
Nemelex Xobeh
Okawaru
Qazlal
Ru
Sif Muna
Trog
Uskayaw
Vehumet
Xom
Yredelemnul
Zin
The Shining One

Shops:
D:5 ?

Annotations:
D:10 exclusion: oklob plant


Innate Abilities, Weirdness & Mutations

You have a pair of small horns on your head.
You regenerate a little health from kills.
You are mostly covered in sharp spines.


Message History

The troll is heavily wounded.
The troll bites you!
* * * LOW HITPOINT WARNING * * *
The troll misses you. The troll closely misses you.
You feel much better. The troll closely misses you. The troll claws you.
The troll barely misses you.
Your skin crawls.
You feel resistant to hostile enchantments.
You feel quite a bit more hungry. The troll completely misses you.
The troll claws you. The troll misses you.
You hit the troll.
The troll is heavily wounded.
The troll is struck by your spines. The troll bites you!
* * * LOW HITPOINT WARNING * * *
The troll claws you!
* * * LOW HITPOINT WARNING * * *
The troll closely misses you.
You are confused.
You feel invigorated. The troll bites you!
You die...

####'############ # #.# #.
#.# ###.### #.### .......
#...# .......
####'######### ....!..
###............#
......K###.'............#
......KKT@.#...>........#
......K#####............##
....... #............'.
....... #............##
#####.# ######'####### ..
###..# ..# #...## .#
###.### #...#


You could see a troll and 4 kobolds.

Vanquished Creatures
  A hydra (D:8)
  The ghost of dricus the Grappler, a novice TrMo of Okawaru (D:8)
  A hornet (D:6)
  A two-headed ogre (D:8)
  A hippogriff (D:7)
  4 hogs (D:8)
  A yak (D:8)
  A wyvern (D:8)
  A human (D:8)
  3 hungry ghosts
  A water moccasin (D:6)
  A sky beast (D:6)
  2 phantoms
  An ice beast (D:5)
  A centaur (D:8)
  An ogre (D:4)
  A crocodile (D:9)
  The ghost of HessuHobo the Conjurer, an amateur DECj (D:3)
  2 bullfrogs (D:6)
  A big kobold (D:9)
  5 water moccasin zombies (Ossuary)
  A wyvern zombie (D:6)
  A howler monkey (D:8)
  3 crimson imps
  A bullfrog zombie (D:5)
  A centaur zombie (D:6)
  2 hounds (D:4)
  A jelly (D:5)
  2 orc priests
  Terence (D:2)
  5 worker ants
  2 iguanas
  An orc wizard (D:7)
  3 hound skeletons
  2 mummies (Ossuary)
  A worker ant zombie (D:6)
  8 gnolls
  5 adders
  A river rat (D:8)
  4 shadow imps
  4 oozes
  6 adder zombies
  2 adder skeletons
  2 worms
  2 dart slugs (D:2)
  2 leopard geckos
  17 orcs
  A ball python (D:1)
  3 giant cockroaches
  5 gnoll zombies (Ossuary)
  11 goblins
  5 hobgoblins
  4 jackals
  6 kobolds
  2 quokkas (D:2)
  6 bats
  9 frilled lizards
  A giant cockroach zombie (D:6)
  4 hobgoblin zombies (Ossuary)
  A kobold zombie (Ossuary)
  A leopard gecko skeleton (D:4)
  6 orc zombies (Ossuary)
  3 quokka skeletons
  14 rats
194 creatures vanquished.

Vanquished Creatures (others)
  11 fungi (D:8)
  2 plants (D:8)
13 creatures vanquished.

Grand Total: 207 creatures vanquished

Notes
Turn   | Place    | Note
-------+----------+-------------------------------------------
     0 | D:1      | RedPan the Demonspawn Berserker began the quest for the Orb.
     0 | D:1      | Reached XP level 1. HP: 18/18 MP: 1/1
    69 | D:1      | Reached skill level 3 in Maces & Flails
   229 | D:1      | Gained mutation: You are partially covered in sharp spines. [demonic ancestry]
   229 | D:1      | Reached XP level 2. HP: 23/24 MP: 2/2
   869 | D:2      | Reached XP level 3. HP: 24/29 MP: 3/3
   956 | D:2      | Reached skill level 4 in Maces & Flails
  1000 | D:2      | Found a hide-covered altar of Uskayaw.
  1003 | D:2      | Noticed a dagger
  1003 | D:2      | Noticed a hand axe
  1120 | D:2      | Noticed Terence
  1134 | D:2      | Killed Terence
  1134 | D:2      | Gained mutation: You regenerate a little health from kills. [demonic ancestry]
  1134 | D:2      | Reached XP level 4. HP: 8/35 MP: 4/4
  1460 | D:2      | Reached ** piety under Trog
  1871 | D:2      | Found a sparkling altar of Nemelex Xobeh.
  1943 | D:3      | Noticed HessuHobo's ghost (amateur DECj)
  1954 | D:3      | Killed HessuHobo's ghost
  1954 | D:3      | Reached skill level 5 in Maces & Flails
  1954 | D:3      | Reached XP level 5. HP: 29/41 MP: 5/5
  2330 | D:3      | Noticed a moth of wrath
  2332 | D:3      | Found a bloodstained altar of Trog.
  2344 | D:3      | HP: 2/41 [worm (15)]
  2814 | D:3      | HP: 2/41 [gnoll/club (9)]
  3546 | D:4      | Reached skill level 6 in Maces & Flails
  3581 | D:4      | Reached XP level 6. HP: 42/47 MP: 6/6
  4151 | D:4      | Reached skill level 7 in Maces & Flails
  4509 | D:4      | Reached XP level 7. HP: 40/52 MP: 7/7
  4677 | D:5      | Entered Level 5 of the Dungeon
  4778 | D:5      | Found an opulent altar of Gozag.
  4863 | D:5      | Found a staircase to the Ecumenical Temple.
  4876 | Temple   | Entered the Ecumenical Temple
  5103 | D:5      | Reached skill level 8 in Maces & Flails
  5531 | D:5      | Found Rygywe's Magic Scroll Shop.
  5534 | D:5      | Bought a scroll of blinking for 82 gold pieces
  5558 | D:5      | Found a deep blue altar of Sif Muna.
  5825 | D:6      | Noticed a hornet
  5834 | D:6      | Paralysed by a hornet for 2 turns
  5838 | D:6      | Killed a hornet
  5838 | D:6      | Gained mutation: You are mostly covered in sharp spines. [demonic ancestry]
  5838 | D:6      | Reached XP level 8. HP: 18/60 MP: 8/8
  6298 | D:6      | Reached *** piety under Trog
  6313 | D:6      | Reached skill level 5 in Fighting
  7264 | D:7      | Noticed a hippogriff
  7280 | D:7      | Killed a hippogriff
  7280 | D:7      | Reached skill level 5 in Dodging
  7662 | D:7      | Found a hazy altar of Hepliaklqana.
  8078 | D:8      | Found a glowing golden altar of the Shining One.
  8142 | D:8      | Reached skill level 9 in Maces & Flails
  8142 | D:8      | Reached XP level 9. HP: 67/68 MP: 9/9
  8168 | D:8      | Found a staircase to the Lair.
  8219 | D:8      | Found a basalt altar of Yredelemnul.
  8425 | D:8      | Found a sand-covered staircase.
  8439 | Ossuary  | Entered an ossuary
  8669 | Ossuary  | Reached **** piety under Trog
  8976 | D:8      | Noticed a five-headed hydra
  9323 | D:8      | Noticed dricus's ghost (novice TrMo)
  9346 | D:8      | HP: 2/102 [dricus's ghost (6)]
  9355 | D:8      | Killed dricus's ghost
  9355 | D:8      | Reached skill level 10 in Maces & Flails
  9678 | D:8      | Gained mutation: You have a pair of small horns on your head. [demonic ancestry]
  9678 | D:8      | Reached XP level 10. HP: 52/74 MP: 10/10
  9979 | D:8      | You fall through a shaft for 3 floors!
  9979 | D:11     | Noticed a skeletal warrior
  9980 | D:11     | Noticed a skeletal warrior
  9980 | D:11     | Noticed a skeletal warrior
  9981 | D:11     | Noticed a skeletal warrior
  9988 | D:10     | Entered Level 10 of the Dungeon
  9988 | D:10     | Found a white marble altar of Elyvilon.
  9988 | D:10     | Noticed an oklob plant
 10221 | D:8      | Killed a five-headed hydra
 10221 | D:8      | Reached skill level 11 in Maces & Flails
 10836 | D:9      | Slain by a troll

Skill      XL: |  1  2  3  4  5  6  7  8  9 10 |
---------------+-------------------------------+-----
Maces & Flails | 3 4 5 6 7 8 9 10 11 | 11.0
Dodging        | 3 5 7 8 |  8.8
Fighting       | 4 5 |  5.2
Armour         | |  1.7

Action                   |  1- 3 |  4- 6 |  7- 9 | 10-12 || total
-------------------------+-------+-------+-------+-------++-------
Melee: Mace              |    61 |   160 |   371 |    53 ||   645
       Headbutt          |       |       |       |    11 ||    11
Invok: Berserk           |     1 |     1 |     1 |     1 ||     4
       Trog's Hand       |       |     1 |     2 |     2 ||     5
       Burn Spellbooks   |       |       |     1 |       ||     1
  Use: Scroll            |       |     9 |    11 |     4 ||    24
       Potion            |       |       |     2 |     2 ||     4
 Stab: Sleeping          |       |     1 |       |       ||     1
  Eat: Chunk             |     1 |    11 |    13 |     4 ||    29
       Beef jerky        |       |     1 |     1 |       ||     2
       Fruit             |       |       |     4 |       ||     4
       Meat ration       |       |       |     1 |     1 ||     2
Armor: Animal skin       |     9 |       |       |       ||     9
       Robe              |     3 |    21 |    96 |     8 ||   128
Dodge: Dodged            |    33 |    76 |   206 |    49 ||   364
